 Dungeon Crawl Stone Soup version 0.28.0 (webtiles) character file.

Game seed: 11783454187910858097

5 RascalDebosk the Grave Robber (level 1, -1/13 HPs)
             Began as a Demonspawn Necromancer on Feb 13, 2022.
             Slain by a jackal (2 damage)
             ... on level 1 of the Dungeon.
             The game lasted 00:02:25 (101 turns).

RascalDebosk the Grave Robber (DsNe)                 Turns: 101, Time: 00:02:27

Health: -1/13      AC:  2    Str:  8    XL:     1   Next: 66%
Magic:  0/3        EV: 12    Int: 16    God:
Gold:   0          SH:  0    Dex: 13    Spells: 2/4 levels left

rFire   . . .      SeeInvis .   (no weapon)
rCold   . . .      Faith    .   (no shield)
rNeg    . . .      Spirit   .   a - +0 robe
rPois   .          Reflect  .   (no helmet)
rElec   .          Harm     .   (no cloak)
rCorr   .          Rampage  .   (no gloves)
Will    .....                   (no boots)
Stlth   ++........              (no amulet)
HPRegen 0.04/turn               (no ring)
MPRegen 0.08/turn               (no ring)

@: no status effects
A: no striking features
a: no special abilities


You were on level 1 of the Dungeon.
You visited 1 branch of the dungeon, and saw 1 of its levels.

Inventory:

Hand Weapons
 b - a +0 dagger
Armour
 a - a +0 robe (worn)


   Skills:
 + Level 0.1 Fighting
 + Level 0.1 Armour
 + Level 1.8 Dodging
 * Level 1.9 Stealth
 * Level 2.1 Spellcasting
 * Level 4.4 Necromancy


You had 2 spell levels left.
You knew the following spells:

 Your Spells              Type           Power      Damage    Failure   Level
a - Pain                  Necr           60%        1d7       3%          1
b - Animate Skeleton      Necr           30%        N/A       3%          1

Your spell library contained the following spells:

 Spells                   Type           Power      Damage    Failure   Level
 Vampiric Draining        Necr           15%        2d7       10%         3
 Animate Dead             Necr           7%         N/A       32%         4
 Agony                    Necr           15%        N/A       67%         5


Dungeon Overview and Level Annotations

Branches:
Dungeon (1/15)

Altars:


Message History

The goblin hits you but does no damage.
You hit the goblin.
You kill the goblin!
A jackal comes into view.
The jackal barks!
You hear a bark!
A jackal comes into view.
Things that are here:
a +0 dagger; a goblin corpse
There are no items here.
Things that are here:
a +0 dagger; a goblin corpse
b - a +0 dagger The jackal bites you.
The jackal bites you but does no damage.
The jackal closely misses you. The jackal bites you.
The jackal closely misses you.
The jackal bites you but does no damage. x2
The jackal bites you. The jackal bites you.
* * * LOW HITPOINT WARNING * * *
There is an open door here.
The jackal closely misses you.
Aiming: Pain (safe; 3% risk of failure)
Press: ? - help, Q - select action, (/) - cycle Shift-Dir - straight line, f - jackal
Aim: a jackal (chance to affect: 85%)
The jackal writhes in agony.
The jackal closely misses you.
Aiming: Pain (safe; 3% risk of failure)
Press: ? - help, Q - select action, (/) - cycle Shift-Dir - straight line, f/p - jackal
Aim: a jackal (heavily wounded, chance to affect: 85%)
The jackal writhes in agony!
You kill the jackal!
The jackal stops to sniff the ground.
The jackal barely misses you.
Aiming: Pain (safe; 3% risk of failure)
Press: ? - help, Q - select action, (/) - cycle Shift-Dir - straight line, f - jackal
Aim: a jackal (chance to affect: 85%)
The jackal barely resists.
The jackal bites you.
You die...

. #.........+ .. #.........#
...#.........# ............#
######........# #
............†.#.#
.......h......#.#
################h###.....#
#m#V#d#i#H#p# #@###.....#..#
################.##..†.......
............'..#..+..........
##############...##..........
#M#o#9#N#f#.#######......!...
############# ####....#.#
....#.# .?..# ....+


You could see 2 jackals.

Vanquished Creatures
  An endoplasm (D:1)
  A giant cockroach (D:1)
  A goblin (D:1)
  A jackal (D:1)
4 creatures vanquished.

Notes
Turn   | Place    | Note
-------+----------+-------------------------------------------
     0 | D:1      | RascalDebosk the Demonspawn Necromancer began the quest for
                  | the Orb.
     0 | D:1      | Reached XP level 1. HP: 13/13 MP: 3/3
     2 | D:1      | Learned a level 1 spell: Animate Skeleton
     4 | D:1      | Noticed a dwarf
     4 | D:1      | Noticed a troll
     6 | D:1      | Noticed an octopode
     6 | D:1      | Noticed an ogre
     8 | D:1      | Noticed a tengu
    10 | D:1      | Noticed an elf
    12 | D:1      | Noticed a felid
    14 | D:1      | Noticed a ghoul
    14 | D:1      | Noticed a demonspawn
    16 | D:1      | Noticed a formicid
    16 | D:1      | Noticed a human
    18 | D:1      | Noticed a merfolk
    20 | D:1      | Noticed a vampire
    22 | D:1      | Noticed a draconian
    22 | D:1      | Noticed a gargoyle
    24 | D:1      | Noticed a spriggan
    24 | D:1      | Noticed a naga
    26 | D:1      | Noticed a minotaur
    26 | D:1      | Noticed a vine stalker
    28 | D:1      | Noticed a demigod
   101 | D:1      | Slain by a jackal

Illustrated notes

Levels and vault maps discovered:
D:1:      kb_arrival_jail, layout_basic

Action                   || total
-------------------------++-------
Melee: Unarmed           ||     7
 Cast: Pain              ||     5
 Stab: Sleeping          ||     1
Armor: Robe              ||     4
Dodge: Dodged            ||     8
